[Event "Titled Tuesday Blitz April 4 Late 2023"]
[White "Paravyan, David"]
[Black "Kleiman, Jake"]
[WhiteFideId "4194985"]
[BlackFideId "2020041"]
[WhiteElo "2563"]
[BlackElo "2623"]
[Result "1-0"]
[Round "04"]
[TimeControl "180+2"]
[Date "2023.04.04"]
[WhiteClock "0:00:05"]
[BlackClock "0:00:12"]

1. c4 Nf6 2. Nf3 e6 3. g3 d5 4. Bg2 dxc4 5. Qa4+ c6 6. Qxc4 b5 7. Qc2 Bb7 8. O-O Nbd7 9. a4 a6 10. d4 Rc8 11. Ne5 Qb6 12. Nxd7 Nxd7 13. Be3 Be7 14. d5 c5 15. axb5 axb5 16. Nc3 exd5 17. Nxd5 Bxd5 18. Bxd5 O-O 19. Rfd1 Nf6 20. Bf3 Qe6 21. Kg2 h6 22. Ra7 Rfd8 23. Rxd8+ Bxd8 24. Rb7 Nd5 25. Qe4 Nxe3+ 26. fxe3 Qxe4 27. Bxe4 b4 28. Bd5 Rc7 29. Rb8 Rd7 30. e4 g6 31. Rc8 Kg7 32. Rxc5 Bf6 33. b3 Re7 34. Kf3 Bc3 35. h4 h5 36. Rb5 Rc7 37. Bc4 Re7 38. Bd5 Kf6 39. g4 hxg4+ 40. Kxg4 Kg7 41. h5 gxh5+ 42. Kxh5 Kf6 43. Kg4 Kg7 44. Kf4 Kf6 45. Rb6+ Kg7 46. Ra6 Bd2+ 47. Kf5 Bc3 48. Kg4 Bd4 49. Ra2 Bc3 50. Kf5 Re5+ 51. Kf4 Re7 52. e3 Be5+ 53. Kf5 Bc3 54. Rg2+ Kf8 55. Kf4 Rc7 56. Kf3 Re7 57. Rh2 Be5 58. Rh6 Bc3 59. Rh5 Kg7 60. Ke2 Rc7 61. Kd3 Re7 62. Bc4 Rd7+ 63. Bd5 Rc7 64. e5 Re7 65. Rg5+ Kh6 66. Rf5 Kg6 67. Rf6+ Kg7 68. Rb6 Rxe5 69. e4 Re7 70. Kc4 Rc7+ 71. Kb5 Kf8 72. Rh6 Ke7 73. Rh7 Kf6 74. Rh3 Ke5 75. Rf3 f6 76. Rf5+ Kd6 77. Bc4 Rb7+ 78. Ka6 Rc7 79. Kb6 Rc6+ 80. Kb5 Rc7 81. Rd5+ Ke7 82. Kb6 Rc8 83. Kb7 Rd8 84. Rh5 Rd4 85. Bd5 Kd6 86. Rf5 Rd2 87. Bc4 Rb2 88. Kb6 Rd2 89. Kb5 Ke7 90. Rh5 Rd4 91. Rh7+ Kd6 92. Bd5 Rd2 93. Rf7 Re2 94. Rf8 Rd2 95. Rd8+ Ke7 96. Rg8 Kd7 97. Rg7+ Kd6 98. Rf7 Re2 99. Rf8 Rd2 100. Re8 Kd7 101. Re6 Kc7 102. Kc4 Rd4+ 103. Kc5 Rd2 104. Re7+ Kb8 105. Kc6 Be5 106. Re8+ Ka7 107. Kb5 Bb8 108. Re7+ Bc7 109. Rxc7+ Kb8 110. Rf7 Kc8 111. Kxb4 1-0


[Site "https://www.chess.com"]

[Event "Titled Tuesday Blitz April 4 Late 2023"]
[White "Hakobyan, Aram"]
[Black "Vlassov, Nikolai"]
[WhiteFideId "13306677"]
[BlackFideId "4103360"]
[WhiteElo "2584"]
[BlackElo "2324"]
[Result "1-0"]
[Round "04"]
[TimeControl "180+2"]
[Date "2023.04.04"]
[WhiteClock "0:00:44"]
[BlackClock "0:00:20"]

1. d4 Nf6 2. c4 Nc6 3. Nf3 e6 4. a3 g6 5. Nc3 Bg7 6. e4 d6 7. Be2 O-O 8. Bg5 h6 9. Be3 e5 10. d5 Ne7 11. Nd2 Ne8 12. c5 f5 13. f3 Nf6 14. Qc2 Rf7 15. O-O-O Kh7 16. Kb1 a6 17. cxd6 cxd6 18. Na4 Nd7 19. Nc4 Rf6 20. Ncb6 Nxb6 21. Nxb6 Rb8 22. Rc1 Bd7 23. Qc7 Be8 24. Qxd8 Rxd8 25. Rc7 Rf7 26. Rhc1 fxe4 27. fxe4 g5 28. Rxb7 Ng8 29. Rxf7 Bxf7 30. Rc8 Rxc8 31. Nxc8 Bf8 32. Bg4 Nf6 33. Bf5+ Bg6 34. Bxg6+ Kxg6 35. b4 Nxe4 36. Kc2 Kf7 37. a4 Ke8 38. b5 axb5 39. a5 Kd8 40. Nb6 Kc7 41. a6 Kb8 42. Nd7+ Ka8 43. Nxf8 Nf6 44. Ne6 Nxd5 45. Bf2 e4 46. Bd4 b4 47. Ng7 Nf4 48. Ne8 Kb8 49. a7+ Kb7 50. Nc7 1-0


[Site "https://www.chess.com"]

[Event "Titled Tuesday Blitz April 4 Late 2023"]
[White "Srinath, Rao S.V."]
[Black "Bortnyk, Olexandr"]
[WhiteFideId "5028876"]
[BlackFideId "14120828"]
[WhiteElo "2196"]
[BlackElo "2734"]
[Result "1/2-1/2"]
[Round "04"]
[TimeControl "180+2"]
[Date "2023.04.04"]
[WhiteClock "0:00:20"]
[BlackClock "0:03:02"]

1. e4 Nf6 2. e5 Nd5 3. c4 Nb6 4. d4 d6 5. exd6 exd6 6. Nf3 Be7 7. Be2 O-O 8. O-O Nc6 9. b3 Bg4 10. Nc3 Bf6 11. Be3 Re8 12. Rc1 h6 13. h3 Bh5 14. Qd2 Bg6 15. Rfe1 d5 16. c5 Nc8 17. Bd3 N8e7 18. Bxg6 Nxg6 19. a3 Qd7 20. b4 Nd8 21. Qd3 Ne6 22. Ne2 c6 23. a4 a5 24. b5 Qc7 25. Qf5 Re7 26. Ng3 Rae8 27. Red1 Nh4 28. Qg4 Nxf3+ 29. Qxf3 Bg5 30. Nf5 Bxe3 31. Nxe7+ Rxe7 32. Qxe3 Nxc5 33. Qa3 Ne4 34. bxc6 bxc6 35. Rxc6 Qxc6 36. Qxe7 Qxa4 37. Rc1 Qxd4 38. Qe8+ Kh7 39. Qxf7 Qe5 40. Rc8 Nf6 41. Rc7 Qe1+ 42. Kh2 Qe5+ 43. Kg1 Qe1+ 44. Kh2 Qe5+ 45. Kg1 1/2-1/2


[Site "https://www.chess.com"]

[Event "Titled Tuesday Blitz April 4 Late 2023"]
[White "Ehlvest, Jaan"]
[Black "Bluebaum, Matthias"]
[WhiteFideId "4500016"]
[BlackFideId "24651516"]
[WhiteElo "2442"]
[BlackElo "2638"]
[Result "0-1"]
[Round "04"]
[TimeControl "180+2"]
[Date "2023.04.04"]
[WhiteClock "0:00:01"]
[BlackClock "0:00:05"]

1. e4 e6 2. d4 d5 3. exd5 exd5 4. Nf3 Nc6 5. Bd3 Nb4 6. Bb5+ c6 7. Ba4 Bd6 8. O-O Ne7 9. c3 Na6 10. Bc2 O-O 11. Re1 Nc7 12. Bg5 f6 13. Bh4 Bf5 14. Nbd2 Qd7 15. Bg3 Bxc2 16. Qxc2 Nf5 17. Re2 Nxg3 18. hxg3 Rae8 19. Rae1 g6 20. a4 Kg7 21. Nf1 Rxe2 22. Rxe2 Re8 23. Rxe8 Qxe8 24. Qd1 Qe4 25. Ne1 h5 26. Nd2 Qe8 27. Nd3 g5 28. c4 Qg6 29. Qe2 h4 30. c5 Bf8 31. gxh4 gxh4 32. Nf4 Qf5 33. Nh3 Ne6 34. Qe3 Kh7 35. Nf3 Bh6 36. Qb3 Nd8 37. Nxh4 Qe4 38. Qg3 Ne6 39. Nf3 Nxd4 40. Qc7+ Kg6 41. Nxd4 Qxd4 42. Qxb7 Qxc5 43. b4 Qc1+ 44. Kh2 d4 45. b5 cxb5 46. axb5 Qc5 47. Qe4+ Kg7 48. f4 Kf8 49. Nf2 f5 50. Qa8+ Kg7 51. Nd3 Qc7 52. Qc6 Bxf4+ 53. Kh3 Qxc6 54. bxc6 Bc7 55. g4 Kf6 56. Kh4 fxg4 0-1


[Site "https://www.chess.com"]

[Event "Titled Tuesday Blitz April 4 Late 2023"]
[White "Wadsworth, Matthew J"]
[Black "Kramnik, Vladimir"]
[WhiteFideId "415804"]
[BlackFideId "4101588"]
[WhiteElo "2330"]
[BlackElo "2712"]
[Result "0-1"]
[Round "04"]
[TimeControl "180+2"]
[Date "2023.04.04"]
[WhiteClock "0:00:06"]
[BlackClock "0:00:57"]

1. c4 c5 2. Nf3 Nf6 3. Nc3 e6 4. g3 b6 5. Bg2 Bb7 6. O-O Be7 7. b3 O-O 8. Bb2 d6 9. d4 cxd4 10. Qxd4 a6 11. Rfd1 Nbd7 12. Rac1 Qc7 13. Qd2 Rac8 14. Nd4 Bxg2 15. Kxg2 Qb7+ 16. Kg1 Rfd8 17. Qe3 Ne5 18. h3 h6 19. Nf3 Ng6 20. a4 Rd7 21. Rd3 Bf8 22. Rcd1 Rcd8 23. Qc1 d5 24. cxd5 exd5 25. Nd4 Bc5 26. Ba3 Ne4 27. Kg2 Ne5 28. Re3 Bxd4 29. Rxd4 Nc6 30. Rd1 Nxc3 31. Rxc3 d4 32. Rxc6 Rc7 33. Qf4 Qxc6+ 34. Kh2 Rcd7 35. Bb2 Qc2 36. Rd2 Qxb3 37. Bxd4 Qxa4 0-1


[Site "https://www.chess.com"]

[Event "Titled Tuesday Blitz April 4 Late 2023"]
[White "Ozates, Tuna"]
[Black "Alekseenko, Kirill"]
[WhiteFideId "6354521"]
[BlackFideId "4135539"]
[WhiteElo "2151"]
[BlackElo "2683"]
[Result "0-1"]
[Round "04"]
[TimeControl "180+2"]
[Date "2023.04.04"]
[WhiteClock "0:00:01"]
[BlackClock "0:01:54"]

1. e4 c5 2. Nf3 Nc6 3. Bb5 e6 4. O-O Nge7 5. d4 cxd4 6. Nxd4 Qb6 7. Nxc6 bxc6 8. Bd3 Ng6 9. c4 Be7 10. Nc3 e5 11. b3 O-O 12. Be3 Qc7 13. Rc1 d6 14. g3 Be6 15. f4 exf4 16. gxf4 f5 17. Qc2 Qd7 18. Rcd1 fxe4 19. Bxe4 Bf5 20. Bxf5 Rxf5 21. Ne4 Re8 22. Ng3 Rff8 23. f5 Ne5 24. Bf4 Bf6 25. Ne4 Qxf5 26. Rxd6 Bg5 27. Nf6+ Rxf6 28. Qxf5 Rxf5 29. Bxg5 Rxg5+ 30. Kh1 Ng4 31. Rxc6 Nf2+ 0-1


[Site "https://www.chess.com"]

[Event "Titled Tuesday Blitz April 4 Late 2023"]
[White "cryptoguru02"]
[Black "Hansen, Eric"]
[BlackFideId "2606771"]
[WhiteElo "2599"]
[BlackElo "2561"]
[Result "1/2-1/2"]
[Round "04"]
[TimeControl "180+2"]
[Date "2023.04.04"]
[WhiteClock "0:00:06"]
[BlackClock "0:00:02"]

1. d4 Nf6 2. c4 e6 3. Nc3 Bb4 4. Qc2 c6 5. a3 Ba5 6. b4 Bc7 7. e4 d5 8. e5 Nfd7 9. cxd5 exd5 10. f4 a5 11. Rb1 axb4 12. axb4 b5 13. Nf3 Nb6 14. Bd3 Bg4 15. O-O Nc4 16. Ne2 g6 17. f5 Bb6 18. Kh1 Nd7 19. Bg5 Qc7 20. fxg6 hxg6 21. Bxg6 Nf8 22. Bd3 Na3 23. Qa2 Ra4 24. Rbc1 Nc4 25. Qb1 Ra3 26. Bf5 Bxf3 27. Rxf3 Rxf3 28. gxf3 Rh5 29. f4 Ne6 30. Bg4 Nxg5 31. Bxh5 Ne4 32. Bf3 Ncd2 33. Bxe4 Nxb1 34. Bxb1 Qa7 35. Bf5 Qa2 36. Ng3 Bxd4 37. Rxc6 Be3 38. Rc8+ Ke7 39. Rc7+ Kf8 40. Rc8+ Ke7 41. Rc7+ Ke8 42. Rc8+ Ke7 1/2-1/2


[Site "https://www.chess.com"]

[Event "Titled Tuesday Blitz April 4 Late 2023"]
[White "Moroni, Luca Jr"]
[Black "Postnikov, Daniil"]
[WhiteFideId "865834"]
[BlackFideId "4166329"]
[WhiteElo "2569"]
[BlackElo "2261"]
[Result "0-1"]
[Round "04"]
[TimeControl "180+2"]
[Date "2023.04.04"]
[WhiteClock "0:00:03"]
[BlackClock "0:00:23"]

1. d4 f5 2. Nf3 Nf6 3. g3 g6 4. Bg2 Bg7 5. b3 O-O 6. Bb2 d6 7. O-O Qe8 8. c4 Na6 9. Nbd2 Bd7 10. a3 c6 11. Qc2 h6 12. Rae1 Qf7 13. e4 fxe4 14. Nxe4 Bf5 15. Nh4 Nxe4 16. Bxe4 e6 17. Nxf5 exf5 18. Bg2 Rae8 19. b4 Nc7 20. a4 d5 21. b5 Rxe1 22. Rxe1 f4 23. bxc6 bxc6 24. cxd5 fxg3 25. hxg3 Nxd5 26. Re2 Qf6 27. Qe4 Kh7 28. Kh2 h5 29. Ba1 Rf7 30. Rc2 Re7 31. Qf3 Qg5 32. Rxc6 Nf6 33. Bh3 Re1 0-1


[Site "https://www.chess.com"]

[Event "Titled Tuesday Blitz April 4 Late 2023"]
[White "Romanchuk, Viktor"]
[Black "Durarbayli, Vasif"]
[WhiteFideId "14109271"]
[BlackFideId "13402935"]
[WhiteElo "2242"]
[BlackElo "2551"]
[Result "0-1"]
[Round "04"]
[TimeControl "180+2"]
[Date "2023.04.04"]
[WhiteClock "0:00:28"]
[BlackClock "0:01:43"]

1. d4 Nf6 2. c4 e6 3. Nc3 Bb4 4. e3 O-O 5. Ne2 d6 6. a3 Bxc3+ 7. Nxc3 e5 8. Bd3 Nc6 9. d5 Ne7 10. O-O a6 11. b4 Nd7 12. e4 Ng6 13. Be3 Nf4 14. g3 Nxd3 15. Qxd3 Nf6 16. f3 Bh3 17. Rf2 Nd7 18. c5 f5 19. exf5 Bxf5 20. Ne4 Nf6 21. cxd6 cxd6 22. Rc1 Bxe4 23. fxe4 Rc8 24. Rfc2 Qd7 25. Rxc8 Rxc8 26. Rxc8+ Qxc8 27. Bg5 Ne8 28. Kg2 h6 29. Be3 Nf6 30. h3 b5 31. Bd2 Kf7 32. Be3 g5 33. g4 Kg6 34. Kf3 h5 35. gxh5+ Kxh5 36. Kg3 Kg6 37. Kg2 g4 38. h4 Qc4 39. Qxc4 bxc4 40. a4 Nxe4 41. b5 axb5 42. a5 Nf6 43. a6 Nxd5 44. a7 Nc7 0-1


[Site "https://www.chess.com"]

[Event "Titled Tuesday Blitz April 4 Late 2023"]
[White "Di Berardino, Diego Rafael"]
[Black "Li, Ruifeng"]
[WhiteFideId "2105446"]
[BlackFideId "2061074"]
[WhiteElo "2432"]
[BlackElo "2441"]
[Result "0-1"]
[Round "04"]
[TimeControl "180+2"]
[Date "2023.04.04"]
[WhiteClock "0:00:10"]
[BlackClock "0:01:02"]

1. e4 d6 2. d4 Nf6 3. Nc3 Nc6 4. d5 Nb8 5. Be2 g6 6. Nf3 Bg7 7. O-O O-O 8. h3 c6 9. Re1 b6 10. Bf1 Bb7 11. Bg5 a6 12. a4 Nbd7 13. Qd2 Re8 14. Rad1 Qc7 15. Bf4 cxd5 16. exd5 Rac8 17. Bh6 Bh8 18. Bg5 Qc5 19. g3 Qb4 20. Rb1 Nxd5 21. Nxd5 Qxd2 22. Nxd2 Bxd5 23. Bxa6 Rxc2 24. Bb5 Bc6 25. Bxc6 Rxc6 26. Rxe7 Rxe7 27. Bxe7 Rc2 28. Ne4 d5 29. Rd1 dxe4 30. Rxd7 Bxb2 31. Rd6 Kg7 32. Kg2 e3 33. Rxb6 Rxf2+ 34. Kg1 Bd4 35. Rd6 e2 36. Bf6+ Rxf6+ 37. Rxd4 e1=Q+ 0-1


[Site "https://www.chess.com"]

[Event "Titled Tuesday Blitz April 4 Late 2023"]
[White "Kamsky, Gata"]
[Black "Kavutskiy, Konstantin"]
[WhiteFideId "2000024"]
[BlackFideId "2026384"]
[WhiteElo "2660"]
[BlackElo "2323"]
[Result "1-0"]
[Round "04"]
[TimeControl "180+2"]
[Date "2023.04.04"]
[WhiteClock "0:01:24"]
[BlackClock "0:00:24"]

1. e4 c5 2. Nc3 Nc6 3. Bc4 e6 4. a3 Nf6 5. Ba2 d5 6. d3 Be7 7. Nf3 O-O 8. O-O b6 9. Re1 Re8 10. e5 Nd7 11. d4 cxd4 12. Nb5 Bb7 13. Nbxd4 Nc5 14. c3 Nxd4 15. Nxd4 a6 16. Bb1 Bg5 17. Qh5 h6 18. Bc2 Ne4 19. f3 Bxc1 20. Raxc1 Ng5 21. h4 Nh7 22. f4 Nf8 23. Re3 f5 24. g4 fxg4 25. Rg3 Qe7 26. Rxg4 Kh8 27. Kh2 Nh7 28. Rcg1 Rg8 29. Rg6 Nf8 30. Qxh6+ gxh6 31. Rxg8# 1-0


[Site "https://www.chess.com"]

[Event "Titled Tuesday Blitz April 4 Late 2023"]
[White "Somalianwarrior2006"]
[Black "Drori, Saar"]
[BlackFideId "2812444"]
[WhiteElo "2865"]
[BlackElo "2322"]
[Result "1/2-1/2"]
[Round "04"]
[TimeControl "180+2"]
[Date "2023.04.04"]
[WhiteClock "0:00:12"]
[BlackClock "0:00:07"]

1. e4 c5 2. Nf3 d6 3. d4 cxd4 4. Nxd4 Nf6 5. Nc3 a6 6. Bc4 e6 7. Bb3 Nc6 8. f4 Na5 9. f5 Nxb3 10. axb3 Be7 11. O-O O-O 12. Be3 Bd7 13. Qd3 Rc8 14. Rad1 Qc7 15. Kh1 b5 16. b4 Qc4 17. Qxc4 Rxc4 18. Ra1 Bc8 19. Bg1 e5 20. Nde2 Nxe4 21. Nd5 Bd8 22. c3 Bb7 23. Rad1 Bxd5 24. Rxd5 Bc7 25. h3 Nf6 26. Rdd1 d5 27. g4 h6 28. Bc5 Re8 29. b3 Re4 30. Ng3 Rf4 31. Kg2 a5 32. bxa5 Bxa5 33. Ne2 Re4 34. Kf3 b4 35. Ra1 Bc7 36. cxb4 d4 37. Ng3 Re3+ 38. Kf2 e4 39. Ne2 Rf3+ 40. Kg2 d3 41. Nc3 Rg3+ 42. Kf2 d2 43. Ke2 Rxc3 44. Kxd2 Nd5 45. Ra7 e3+ 46. Ke2 Rc2+ 47. Kd3 Rd2+ 48. Kc4 e2 49. Re1 Rd1 50. Rxe2 Rxe2 51. Ra8+ Kh7 52. Rf8 Bd6 53. Rxf7 Rc2+ 54. Kb5 Bxc5 55. bxc5 Nc3+ 56. Kb6 Ne4 57. c6 Rd6 58. Rc7 Nc3 59. Kc5 Nd5+ 60. Kxd6 Nxc7 61. Kxc7 Rb2 62. Kd7 Rxb3 63. c7 Rd3+ 64. Ke7 Rc3 65. Kd8 Rd3+ 66. Ke7 Rc3 67. Kd7 Rd3+ 68. Kc6 Rxh3 69. c8=Q Rc3+ 70. Kd7 Rxc8 71. Kxc8 h5 72. gxh5 Kh6 73. Kd7 Kxh5 74. Ke6 Kg5 75. Kf7 Kxf5 76. Kxg7 1/2-1/2


[Site "https://www.chess.com"]

[Event "Titled Tuesday Blitz April 4 Late 2023"]
[White "Kravtsiv, Martyn"]
[Black "Rastbod, Ali"]
[WhiteFideId "14113147"]
[BlackFideId "12567477"]
[WhiteElo "2695"]
[BlackElo "2248"]
[Result "1-0"]
[Round "04"]
[TimeControl "180+2"]
[Date "2023.04.04"]
[WhiteClock "0:00:14"]
[BlackClock "0:00:03"]

1. e4 c6 2. Nf3 d5 3. exd5 cxd5 4. d4 Nc6 5. Bd3 Bg4 6. c3 e6 7. Nbd2 Bd6 8. h3 Bh5 9. O-O Qc7 10. Re1 Nge7 11. Nf1 Bg6 12. Ne3 O-O 13. Bxg6 Nxg6 14. Ng4 b5 15. Qd3 b4 16. Ng5 bxc3 17. bxc3 Bf4 18. h4 Bxg5 19. Bxg5 h6 20. h5 Nf4 21. Bxf4 Qxf4 22. Ne5 Nxe5 23. Rxe5 Rfc8 24. g3 Qf6 25. Rb1 Rc7 26. Rb3 Rac8 27. Kg2 Qd8 28. g4 Qh4 29. Qf3 Rc6 30. Re3 R8c7 31. a4 Kh7 32. Rb8 Qg5 33. Qg3 Rc8 34. Rb7 Kg8 35. Rxa7 Qd8 36. Rb7 Ra6 37. Qf4 Qf8 38. Rf3 f6 39. Re3 Rac6 40. Qg3 Qe8 41. Qf3 Qd8 42. Rb5 R8c7 43. a5 Ra6 44. Qe2 Kf7 45. Rb6 Rxb6 46. axb6 Rc6 47. b7 Rb6 48. Qd3 Qb8 49. Qg6+ Kf8 50. g5 fxg5 51. Rf3+ Kg8 52. Rf7 1-0


[Site "https://www.chess.com"]

[Event "Titled Tuesday Blitz April 4 Late 2023"]
[White "Han, Yichen"]
[Black "Rustemov, Alexander"]
[WhiteFideId "1054430"]
[BlackFideId "4119002"]
[WhiteElo "2342"]
[BlackElo "2845"]
[Result "0-1"]
[Round "04"]
[TimeControl "180+2"]
[Date "2023.04.04"]
[WhiteClock "0:00:14"]
[BlackClock "0:00:57"]

1. d4 g6 2. e4 Bg7 3. Nc3 c5 4. dxc5 Bxc3+ 5. bxc3 Qa5 6. Qd4 Nf6 7. Qb4 Qc7 8. Bd3 Nc6 9. Qb2 Ne5 10. Be3 O-O 11. Nf3 Nxf3+ 12. gxf3 Nh5 13. O-O-O b6 14. cxb6 axb6 15. Bxb6 Qf4+ 16. Be3 Qxf3 17. c4 d6 18. Rde1 Be6 19. Be2 Qh3 20. Rhg1 Rfb8 21. Qa1 Nf6 22. Rg3 Qh4 23. f3 Qxh2 24. Rgg1 Ra3 25. Bg5 Rba8 26. Rh1 Qf2 27. Kb1 Rxa2 28. Qxa2 Rxa2 29. Kxa2 Qc5 30. Kb3 Qxg5 0-1


[Site "https://www.chess.com"]

[Event "Titled Tuesday Blitz April 4 Late 2023"]
[White "Yeletsky, Ivan"]
[Black "Suder, Jakub"]
[WhiteFideId "24180327"]
[BlackFideId "1195310"]
[WhiteElo "2422"]
[BlackElo "2287"]
[Result "1-0"]
[Round "04"]
[TimeControl "180+2"]
[Date "2023.04.04"]
[WhiteClock "0:00:51"]
[BlackClock "0:00:58"]

1. Nf3 d5 2. g3 Nf6 3. Bg2 e6 4. b3 Be7 5. Bb2 O-O 6. O-O a5 7. Nc3 Nbd7 8. e3 Nb6 9. Qe2 a4 10. Rae1 axb3 11. axb3 Ba3 12. Ba1 Bd7 13. Ne5 Bd6 14. f4 Be8 15. g4 Nfd7 16. Nb5 Nxe5 17. Nxd6 cxd6 18. fxe5 dxe5 19. Bxe5 f6 20. Bc3 Qd6 21. g5 e5 22. gxf6 gxf6 23. Kh1 Kh8 24. d4 e4 25. Qd2 Rg8 26. Bb4 Qe6 27. Qf2 Nd7 28. Re2 Bh5 29. Rd2 Bg4 30. Qh4 Rg6 31. h3 f5 32. Qe7 Qxe7 33. Bxe7 Rh6 34. Kh2 Re8 35. Bg5 Rh5 36. Bf4 Nf6 37. Be5 Kg7 38. Kg1 Bxh3 39. Bxh3 Rxh3 40. Rxf5 Re6 41. Rdf2 Rh6 42. Bxf6+ Rhxf6 43. Rxd5 Rxf2 44. Kxf2 Rf6+ 45. Ke2 Rh6 46. Rd7+ Kf6 47. Rd6+ 1-0


[Site "https://www.chess.com"]

[Event "Titled Tuesday Blitz April 4 Late 2023"]
[White "Andrej2004"]
[Black "Baskakov, Egor"]
[BlackFideId "24197866"]
[WhiteElo "2557"]
[BlackElo "2212"]
[Result "0-1"]
[Round "04"]
[TimeControl "180+2"]
[Date "2023.04.04"]
[WhiteClock "0:00:19"]
[BlackClock "0:00:36"]

1. Nf3 Nf6 2. g3 e6 3. Bg2 d5 4. O-O Be7 5. d3 O-O 6. b3 d4 7. Bb2 c5 8. e3 dxe3 9. fxe3 Nc6 10. Nbd2 Nd5 11. Qe2 Bf6 12. Bxf6 Nxf6 13. Nc4 Rb8 14. Nfe5 Nxe5 15. Nxe5 Nd7 16. Nf3 b6 17. Rad1 Bb7 18. d4 Qc7 19. c4 Rbe8 20. Qd3 h6 21. dxc5 Nxc5 22. Qd6 Qc8 23. Qf4 e5 24. Nxe5 Bxg2 25. Kxg2 f6 26. Nd3 Ne4 27. Nb4 Nc3 28. Rd2 Re5 29. Nd5 Nxd5 30. Rxd5 Rfe8 31. Rxe5 Rxe5 32. Rd1 Qe6 33. Rd3 Re4 34. Qf3 Re5 35. Qf4 a6 36. Qd4 b5 37. Qd6 Qf5 38. Qd8+ Kh7 39. Qd4 Re4 40. Qd5 Qg4 41. Qd4 Qe2+ 42. Kh3 Qh5+ 43. Kg2 Rxd4 44. Rxd4 bxc4 45. Rxc4 Qe2+ 46. Kh3 Qxa2 0-1


[Site "https://www.chess.com"]

[Event "Titled Tuesday Blitz April 4 Late 2023"]
[White "Perez Ponsa, Federico"]
[Black "Poltorak, Sebastian"]
[WhiteFideId "117927"]
[BlackFideId "1199498"]
[WhiteElo "2590"]
[BlackElo "2195"]
[Result "0-1"]
[Round "04"]
[TimeControl "180+2"]
[Date "2023.04.04"]
[WhiteClock "0:00:04"]
[BlackClock "0:00:04"]

1. e4 c6 2. d4 d5 3. e5 Bf5 4. h4 h5 5. Bd3 Bxd3 6. Qxd3 e6 7. Nf3 Nh6 8. Bxh6 Rxh6 9. c4 dxc4 10. Qxc4 Qa5+ 11. Nc3 Qb4 12. Qe2 Nd7 13. O-O Nb6 14. Ne4 Rd8 15. Rfd1 Be7 16. g3 Qc4 17. Qe1 Kf8 18. b3 Qb4 19. Qe2 a6 20. Kg2 Qb5 21. Qc2 Rg6 22. Rac1 Qd5 23. Nc3 Qd7 24. Ne2 Ba3 25. Nf4 Rh6 26. Rb1 Nd5 27. Nh3 Be7 28. Nhg5 Rg6 29. Rdc1 Nb4 30. Qe2 a5 31. a3 Na6 32. a4 Qd5 33. Qe4 Bxg5 34. Qxd5 Rxd5 35. hxg5 f6 36. gxf6 gxf6 37. exf6 Rxf6 38. Rh1 Rdf5 39. Nh4 Rxf2+ 40. Kh3 Nb4 41. Rbe1 Nd5 42. Re5 Rb2 43. Rxh5 Rxb3 44. Kg4 Ne3+ 45. Kg5 Rf7 46. Rh8+ Ke7 47. Ng6+ Kd6 48. Rd8+ Kc7 49. Rhh8 Rf5+ 50. Kh6 Nd5 51. Rc8+ Kb6 52. Ne5 Nf6 53. Kg6 Rxg3+ 54. Kf7 Nd5+ 55. Kxe6 Rf6+ 56. Kd7 Rg7+ 57. Ke8 Re7+ 58. Kd8 Rd6+ 59. Nd7+ Rdxd7# 0-1


[Site "https://www.chess.com"]

[Event "Titled Tuesday Blitz April 4 Late 2023"]
[White "Mortazavi, Ali"]
[Black "Ashraf, Artin"]
[WhiteFideId "401323"]
[BlackFideId "22514805"]
[WhiteElo "2339"]
[BlackElo "2188"]
[Result "0-1"]
[Round "04"]
[TimeControl "180+2"]
[Date "2023.04.04"]
[WhiteClock "0:00:04"]
[BlackClock "0:00:08"]

1. Nf3 d5 2. g3 Nc6 3. Bg2 e5 4. d3 Nf6 5. O-O Bc5 6. Nxe5 Nxe5 7. d4 Bd6 8. dxe5 Bxe5 9. Nd2 c6 10. Nf3 Bc7 11. b3 O-O 12. Bb2 Re8 13. Rc1 Bg4 14. e3 Ne4 15. c4 dxc4 16. Rxc4 Qe7 17. Qc2 Rad8 18. Rd4 Bb6 19. Rxd8 Rxd8 20. Nd4 Nf6 21. h3 Bc8 22. Nf5 Qe6 23. g4 h6 24. Qc3 Re8 25. Rd1 Bc7 26. Nxh6+ Kh7 27. Nf5 Be5 28. Qc2 g6 29. Bxe5 Qxe5 30. Nd6 Rf8 31. Nc4 Qe7 32. Qe2 Be6 33. Qd2 Bd5 34. Qd4 Bxg2 35. Kxg2 Ne4 36. f3 Ng5 37. e4 Ne6 38. Qe5 Rd8 39. Rxd8 Qxd8 40. Qd6 Qg5 41. Kg3 Qc1 42. Qd2 Qg1+ 43. Kh4 g5+ 44. Kh5 Qg3 45. Qxg5 Nxg5 46. Kxg5 Qxh3 47. Kf4 Qh6+ 48. Kf5 b5 49. Ne5 Qe6+ 50. Kf4 Qf6+ 0-1


[Site "https://www.chess.com"]

[Event "Titled Tuesday Blitz April 4 Late 2023"]
[White "Ortega Amarelle, Mariano"]
[Black "Timmermans, Mark"]
[WhiteFideId "3504301"]
[BlackFideId "1026399"]
[WhiteElo "2406"]
[BlackElo "2460"]
[Result "0-1"]
[Round "04"]
[TimeControl "180+2"]
[Date "2023.04.04"]
[WhiteClock "0:00:01"]
[BlackClock "0:00:07"]

1. e4 e5 2. Nf3 Nc6 3. Bb5 f5 4. d3 fxe4 5. dxe4 Nf6 6. Nc3 Bb4 7. Qd3 Bxc3+ 8. bxc3 d6 9. O-O O-O 10. Bxc6 bxc6 11. Qc4+ Kh8 12. Qxc6 Rb8 13. Nd2 Rb6 14. Qa4 Ba6 15. Re1 Ng4 16. Nf3 h6 17. Be3 Bb5 18. Qxa7 Ra6 19. Qb7 c6 20. a4 Nxe3 21. axb5 Rb6 22. Qa7 Nxc2 23. bxc6 Nxe1 24. Nxe1 Rxc6 25. Nd3 Rxc3 26. Nb4 Qh4 27. Rf1 Qxe4 28. Qe7 Rb8 29. Na6 Qb7 30. Qxd6 Ra8 31. Nc5 Qb5 32. Ne4 Rc2 33. g3 Qe2 34. Qd5 Rf8 35. Qd6 Kg8 36. Qe6+ Kh8 37. Qxe5 Rc4 38. f3 Qe3+ 39. Kg2 Rc2+ 40. Kh3 Qe2 41. Rf2 Qc4 42. Rxc2 Qxc2 43. Qe7 Qc8+ 44. Kg2 Qf5 45. Nd2 Rf7 46. Qe8+ Kh7 47. Qe4 g6 48. Qxf5 gxf5 49. h4 Re7 50. Nc4 Kg6 51. g4 fxg4 52. fxg4 Re4 0-1


[Site "https://www.chess.com"]

[Event "Titled Tuesday Blitz April 4 Late 2023"]
[White "Bruedigam, Martin"]
[Black "Castellanos Rodriguez, Renier"]
[WhiteFideId "24608033"]
[BlackFideId "3404650"]
[WhiteElo "2331"]
[BlackElo "2597"]
[Result "0-1"]
[Round "04"]
[TimeControl "180+2"]
[Date "2023.04.04"]
[WhiteClock "0:00:04"]
[BlackClock "0:01:45"]

1. d4 Nf6 2. c4 g6 3. f3 c5 4. d5 e6 5. e4 exd5 6. cxd5 d6 7. Nc3 Bg7 8. Nge2 O-O 9. Ng3 Nh5 10. Nxh5 gxh5 11. Be3 f5 12. Qd2 Nd7 13. Bd3 Ne5 14. O-O f4 15. Bf2 h4 16. h3 Bxh3 17. Kh2 Bd7 18. Be2 Qg5 19. Qe1 Rf6 20. Rh1 Rg6 21. Qf1 Rf8 22. a4 Qh5 23. Kg1 h3 24. Rh2 Rff6 25. Ra3 Rxg2+ 26. Kh1 Rfg6 27. Nd1 Bxa4 28. Rxa4 Nxf3 29. Bxf3 Qxf3 30. Ra3 Rg1# 0-1


[Site "https://www.chess.com"]

[Event "Titled Tuesday Blitz April 4 Late 2023"]
[White "Gokerkan, Cem Kaan"]
[Black "Kokoszczynski, Jan"]
[WhiteFideId "6336760"]
[BlackFideId "1174460"]
[WhiteElo "2365"]
[BlackElo "2139"]
[Result "1-0"]
[Round "04"]
[TimeControl "180+2"]
[Date "2023.04.04"]
[WhiteClock "0:01:30"]
[BlackClock "0:00:19"]

1. e4 e5 2. Nf3 Nc6 3. Bc4 Bc5 4. c3 Nf6 5. d4 exd4 6. cxd4 Bb4+ 7. Nbd2 d5 8. exd5 Nxd5 9. O-O O-O 10. a3 Be7 11. Re1 Be6 12. h3 Qd7 13. Bb5 Bf6 14. Ne4 Rad8 15. Nc5 Qc8 16. Bxc6 bxc6 17. Nxe6 fxe6 18. Qc2 Qd7 19. Bd2 Rb8 20. Rac1 Ne7 21. Bb4 Rfe8 22. Bxe7 Rxe7 23. b4 Bxd4 24. Rcd1 e5 25. Nxe5 Qd5 26. Nxc6 Rxe1+ 27. Rxe1 Bxf2+ 28. Kxf2 Rf8+ 29. Kg1 1-0


[Site "https://www.chess.com"]

[Event "Titled Tuesday Blitz April 4 Late 2023"]
[White "Vovk, Orest"]
[Black "Holt, Conrad"]
[WhiteFideId "14113490"]
[BlackFideId "2034387"]
[WhiteElo "2215"]
[BlackElo "2592"]
[Result "0-1"]
[Round "04"]
[TimeControl "180+2"]
[Date "2023.04.04"]
[WhiteClock "0:01:15"]
[BlackClock "0:01:27"]

1. h4 d5 2. h5 e5 3. h6 Nxh6 4. d4 exd4 5. Bxh6 gxh6 6. Qxd4 Rg8 7. Nc3 Bg7 8. Qd3 Be6 9. O-O-O Qf6 10. Nf3 Nc6 11. e4 O-O-O 12. Be2 Qf4+ 13. Kb1 Bxc3 14. Qxc3 dxe4 15. Rxd8+ Rxd8 16. Rh4 exf3 17. Rxf4 fxe2 18. b3 Rd1+ 19. Kb2 e1=Q 20. Qh8+ Rd8 0-1


[Site "https://www.chess.com"]